[Event "*** Titled Tuesday Blitz"]
[Site "Chess.com"]
[Date "2020.11.10"]
[Round "10"]
[White "Vanina1989"]
[Black "swimmerchess"]
[Result "1-0"]
[WhiteElo "2653"]
[BlackElo "2810"]
[TimeControl "180+1"]
[EndTime "12:00:21 PST"]
[Termination "Vanina1989 won by resignation"]

1. d4 Nf6 2. c4 g6 3. Nf3 Bg7 4. Nc3 O-O 5. e4 d6 6. Be2 e5 7. O-O Nc6 8. Be3 Ng4 9. Bg5 f6 10. Bh4 g5 11. Bg3 Nh6 12. dxe5 Nxe5 13. Nd5 Ng6 14.
Nd4 f5 15. exf5 Nxf5 16. Nxf5 Bxf5 17. Qb3 Rb8 18. Rae1 Qd7 19. Bh5 Ne5 20. Qe3 Nxc4 21. Qxg5 Ne5 22. Bxe5 dxe5 23. Rxe5 Be6 24. Rfe1 h6 25.
Qg6 Bxd5 26. Re7 Bf7 27. Qxf7+ Rxf7 28. Bxf7+ 1-0

[Event "*** Titled Tuesday Blitz"]
[Site "Chess.com"]
[Date "2020.11.10"]
[Round "10"]
[White "Zkid"]
[Black "joppie2"]
[Result "1-0"]
[WhiteElo "2811"]
[BlackElo "2957"]
[TimeControl "180+1"]
[EndTime "12:00:23 PST"]
[Termination "Zkid won by resignation"]

1. e4 e5 2. Nf3 Nc6 3. Bc4 Bc5 4. d3 Nf6 5. h3 d6 6. c3 a6 7. a4 Ba7 8. b4 h6 9. Nbd2 Ne7 10. Nf1 Ng6 11.
Ng3 O-O 12. O-O c6 13. Bb3 d5 14. Re1 Re8 15. Be3 Bxe3 16. Rxe3 Be6 17. exd5 Nxd5 18. Bxd5 Bxd5 19. c4 Bxf3 20. Qxf3 Qd6 21. Rb1 Rad8 22. Nf5 Qd7 23. Qg4 Re6 24. Rf3 Kh7 25. h4 Rg8 26. h5 Nf4 27. Rg3 Rf6 28. Nxh6 Qe6 29. Nxg8 1-0

[Event "*** Titled Tuesday Blitz"]
[Site "Chess.com"]
[Date "2020.11.10"]
[Round "10"]
[White "03revilo"]
[Black "MVM2008"]
[Result "1-0"]
[WhiteElo "2328"]
[BlackElo "2180"]
[TimeControl "180+1"]
[EndTime "12:00:24 PST"]
[Termination "03revilo won by resignation"]

1. e4 d5 2. exd5 Nf6 3. Nf3 Qxd5 4. d4 Bg4 5. Be2 e6 6. c4 Qd8 7. Nc3 c6 8. Bg5 Bb4 9. O-O Bxc3 10. bxc3 Bxf3 11. Bxf3 Nbd7 12. Rb1 Qc7 13. d5 O-O 14. dxe6 fxe6 15. Re1 Rad8 16. Qe2 Nc5 17. Be3 Nce4 18. Bxa7 Nxc3 19. Qxe6+ Kh8 20. Bb6 Qf4 21. Bxd8 Nxb1 22. Be7 Re8 23. Rxb1 Ng8 24. Bd6 1-0

[Event "*** Titled Tuesday Blitz"]
[Site "Chess.com"]
[Date "2020.11.10"]
[Round "10"]
[White "BegmuratovKh2010"]
[Black "frederiksvane"]
[Result "1-0"]
[WhiteElo "2495"]
[BlackElo "2693"]
[TimeControl "180+1"]
[EndTime "12:00:26 PST"]
[Termination "BegmuratovKh2010 won by resignation"]

1. d4 Nf6 2. c4 e6 3. Nf3 b6 4. g3 Bb4+ 5. Bd2 Be7 6. Bg2 c6 7. Nc3 d5 8. Ne5 O-O 9. O-O Nfd7 10. Nxd7 Nxd7 11. cxd5 cxd5 12. e4 Ba6 13. Re1 dxe4 14. Bxe4 Rc8 15. Qa4 Nb8 16. d5 exd5 17. Nxd5 Bg5 18.
Bxg5 Qxg5 19. Ne7+ Kh8 20. Nxc8 Rxc8 21. Qd4 h6 22. Rad1 Nc6 23. Qd7 Ne5 24. Qxa7 Bc4 25. f4 Qe7 26. Qxe7 1-0

[Event "*** Titled Tuesday Blitz"]
[Site "Chess.com"]
[Date "2020.11.10"]
[Round "10"]
[White "lelya96"]
[Black "elamier"]
[Result "1-0"]
[WhiteElo "2238"]
[BlackElo "2330"]
[TimeControl "180+1"]
[EndTime "12:00:28 PST"]
[Termination "lelya96 won by resignation"]

1. e4 c5 2. Nf3 e6 3. d4 cxd4 4. Nxd4 Nf6 5. Nc3 Nc6 6. Be2 Bb4 7. O-O Bxc3 8. bxc3 Nxe4 9. Qd3 d5 10. Ba3 Qa5 11. Nxc6 bxc6 12. Bb4 Qc7 13. c4 Ba6 14. Qa3 Bxc4 15. Bxc4 dxc4 16. f3 c5 17. Ba5 Qe5 18. Qa4+ Ke7 19. fxe4 Rhc8 20. Rad1 Kf8 21. Rd7 f6 22.
Qxc4 Rc6 23. Rfd1 Rac8 24. Rd8+ Rxd8 25. Rxd8+ Kf7 26. Qd3 c4 27. Qd7+ Kg6 28. Qxc6 Qa1+ 29. Kf2 Qxa2 30. Qe8+ Kh6 31. Bd2+ g5 32. Qf8+ Kh5 33.
Qxf6 1-0

[Event "*** Titled Tuesday Blitz"]
[Site "Chess.com"]
[Date "2020.11.10"]
[Round "10"]
[White "PavelShkapenko"]
[Black "SantoBlue"]
[Result "1/2-1/2"]
[WhiteElo "2673"]
[BlackElo "2895"]
[TimeControl "180+1"]
[EndTime "12:00:29 PST"]
[Termination "Game drawn by repetition"]

1. e4 e5 2. Nf3 Nc6 3. Bc4 Nf6 4. Ng5 d5 5. exd5 Na5 6. Bb5+ c6 7. dxc6 bxc6 8. Bd3 Nd5 9. Nf3 Bd6 10. O-O O-O 11. Re1 Re8 12. Nc3 Bg4 13. Be2 Nf4 14. d3 Nxe2+ 15.
Qxe2 f5 16. Qe3 c5 17. h3 Bh5 18. Qg5 Bxf3 19. Qxd8 Raxd8 20. gxf3 Nc6 21. Nb5 Bb8 22. Be3 Re6 23. Bxc5 Rg6+ 24. Kf1 Rd5 25. b4 Nxb4 26. Bxb4 Rxb5 27. Rab1 Rgb6 28. a3 Rb7 29. Ra1 a5 30. Bd2 Rb2 31. Rec1 Rc7 32. Bxa5 Rcxc2 33. Rxc2 Rxc2 34.
Bb6 Rb2 35. Bc5 Rc2 36. Bb6 Rb2 37. Bc5 Kf7 38. a4 Ke6 39. a5 Kd5 40. Bb6 g5 41. Rc1 h5 42. Rc5+ Ke6 43. Rc6+ Kd5 44. Rc5+ Ke6 45.
Rc6+ Kd5 46. Rc5+ 1/2-1/2

[Event "*** Titled Tuesday Blitz"]
[Site "Chess.com"]
[Date "2020.11.10"]
[Round "10"]
[White "SanchezKelvin"]
[Black "emiliochess"]
[Result "1/2-1/2"]
[WhiteElo "2453"]
[BlackElo "2306"]
[TimeControl "180+1"]
[EndTime "12:00:29 PST"]
[Termination "Game drawn by repetition"]

1. d4 d5 2. c4 c6 3. Nf3 Nf6 4. Nc3 e6 5. Bg5 Qb6 6. Qc2 Nbd7 7. e3 Be7 8. h4 h6 9. Bxf6 Bxf6 10. O-O-O Qa5 11.
e4 dxe4 12. Nxe4 Qxa2 13. Nd6+ Kf8 14. Bd3 Be7 15. Ne4 Nf6 16. Nc3 Qa5 17. Ne5 Bb4 18. Nb1 Qc7 19. f4 a5 20. g4 a4 21. g5 Nd7 22. g6 a3 23. bxa3 Bxa3+ 24. Nxa3 Rxa3 25. Nxf7 Qa5 26. Qb2 Ra2 27. Qb3 Ra3 28. Qb2 Ra2 29. Qb3 Ra3 30. Qb2 1/2-1/2

[Event "*** Titled Tuesday Blitz"]
[Site "Chess.com"]
[Date "2020.11.10"]
[Round "10"]
[White "BJthechessgod"]
[Black "RobPeresian"]
[Result "0-1"]
[WhiteElo "2298"]
[BlackElo "2448"]
[TimeControl "180+1"]
[EndTime "12:00:29 PST"]
[Termination "RobPeresian won by resignation"]

1. e4 c5 2. Nf3 d6 3. c3 Nf6 4.
Be2 Nc6 5. d4 d5 6. e5 Nd7 7.
O-O e6 8. Bg5 Qb6 9. b3 h6 10.
Be3 g5 11. h3 Be7 12. Nbd2 cxd4 13. cxd4 h5 14. Bxg5 Bxg5 15. Nxg5 Qxd4 16. Bxh5 Ndxe5 17. Kh1 Qh4 18. Bxf7+ Nxf7 19. Nxf7 Kxf7 20. Qf3+ Qf6 21. Qg3 Bd7 22. Nf3 Rag8 23. Qc7 Qe7 24. Rac1 e5 25.
Rxc6 Bxh3 26. Nxe5+ Kf8 27. Nd7+ Bxd7+ 0-1

[Event "*** Titled Tuesday Blitz"]
[Site "Chess.com"]
[Date "2020.11.10"]
[Round "10"]
[White "Legendinunknown"]
[Black "andriipalchuk"]
[Result "1-0"]
[WhiteElo "2691"]
[BlackElo "2444"]
[TimeControl "180+1"]
[EndTime "12:00:38 PST"]
[Termination "Legendinunknown won by checkmate"]

1. e4 c6 2. d4 d5 3. exd5 cxd5 4. c4 Nf6 5. Nc3 e6 6. Nf3 Bb4 7. c5 O-O 8. Bd3 b6 9. cxb6 axb6 10. O-O Ba6 11.
Ne5 Bxd3 12. Qxd3 Bxc3 13. bxc3 Qc7 14. Bf4 Rc8 15. Rfc1 Nc6 16. Qh3 Nxe5 17. Bxe5 Qe7 18. Qh4 Ra3 19. Rab1 Raxc3 20. Rxc3 Rxc3 21. h3 Rc6 22. a4 Kf8 23. a5 Qa7 24. axb6 Rxb6 25. Rc1 Qa3 26. Rc7 Ne8 27. Rd7 Rb1+ 28. Kh2 f6 29.
Qxh7 Rh1+ 30. Kxh1 Qc1+ 31. Kh2 Qg5 32. Qh8# 1-0

[Event "*** Titled Tuesday Blitz"]
[Site "Chess.com"]
[Date "2020.11.10"]
[Round "10"]
[White "Pertinhez76"]
[Black "The_Machine04"]
[Result "0-1"]
[WhiteElo "2115"]
[BlackElo "2287"]
[TimeControl "180+1"]
[EndTime "12:00:38 PST"]
[Termination "The_Machine04 won by checkmate"]

1. d4 d6 2. Nf3 Nf6 3. Bg5 Nbd7 4. e3 e5 5. c3 Be7 6. Nbd2 h6 7. Bh4 e4 8. Ne5 dxe5 9. Bc4 O-O 10. g4 exd4 11. g5 Nh7 12. g6 Bxh4 13. gxh7+ Kxh7 14. Nxe4 dxe3 15. Qc2 g6 16. O-O-O Qe7 17. Rhe1 Nf6 18. Ng3 Bxg3 19. hxg3 Bf5 20. Qe2 Rad8 21. fxe3 Rxd1+ 22. Qxd1 c6 23. Bb3 Kg7 24. Qf3 h5 25. Qf4 Qe4 26.
Qxe4 Nxe4 27. Rg1 Re8 28. Bd1 Nf2 29. Bb3 Rxe3 30. Rf1 Nd3+ 31. Kd2 Rxg3 32. Bc4 h4 33. Rh1 h3 34. b4 Rg2+ 35. Ke3 Ne5 36. Be2 Ng4+ 37.
Kf3 Rf2+ 38. Kg3 Rxe2 39. a4 h2 40. a5 Be4 41. Rxh2 Rxh2 42. c4 Rg2+ 43. Kf4 f5 44. b5 Kf6 45. bxc6 g5# 0-1

[Event "*** Titled Tuesday Blitz"]
[Site "Chess.com"]
[Date "2020.11.10"]
[Round "10"]
[White "Margency"]
[Black "ShahMatKanal"]
[Result "1-0"]
[WhiteElo "2684"]
[BlackElo "2499"]
[TimeControl "180+1"]
[EndTime "12:00:39 PST"]
[Termination "Margency won by checkmate"]

1. e4 d5 2. exd5 Qxd5 3. Nc3 Qd6 4. d4 Nf6 5. Nf3 c6 6. Ne5 Nbd7 7. f4 g6 8. Bc4 e6 9. O-O Bg7 10. a4 a5 11. b3 Nd5 12. Ne4 Qc7 13. Ba3 c5 14. Nxc5 Nxc5 15. Bxc5 Ne3 16. Bb5+ Kd8 17. Qd3 Nxf1 18.
Bd6 Bxe5 19. dxe5 Qb6+ 20. Bc5+ Kc7 21. Bxb6+ Kxb6 22. Qd4+ Kc7 23. Qd6# 1-0

[Event "*** Titled Tuesday Blitz"]
[Site "Chess.com"]
[Date "2020.11.10"]
[Round "10"]
[White "kidagent"]
[Black "cottage_cheese"]
[Result "1-0"]
[WhiteElo "2298"]
[BlackElo "2161"]
[TimeControl "180+1"]
[EndTime "12:00:44 PST"]
[Termination "kidagent won on time"]

1. e4 e5 2. Nf3 Nc6 3. Bb5 a6 4. Ba4 Nf6 5. O-O Be7 6. Re1 b5 7. Bb3 d6 8. a4 Bd7 9. c3 O-O 10. h3 Na5 11. Bc2 c5 12. d4 cxd4 13. cxd4 Nc6 14.
axb5 axb5 15. Rxa8 Qxa8 16. dxe5 dxe5 17. Nc3 Qb7 18. Nd5 Bd8 19. Bg5 Nxd5 20. exd5 Nd4 21. Bxd8 Rxd8 22. Nxd4 exd4 23. Qxd4 Be6 24. Qh4 Rxd5 25.
Qxh7+ Kf8 26. Be4 1-0

[Event "*** Titled Tuesday Blitz"]
[Site "Chess.com"]
[Date "2020.11.10"]
[Round "10"]
[White "bazar-wokzal"]
[Black "GM_Crest"]
[Result "0-1"]
[WhiteElo "2502"]
[BlackElo "2699"]
[TimeControl "180+1"]
[EndTime "12:00:46 PST"]
[Termination "GM_Crest won by resignation"]

1. e4 e6 2. d4 d5 3. exd5 exd5 4. Nf3 Bd6 5. c4 Nf6 6. c5 Be7 7. Bd3 b6 8. cxb6 axb6 9. O-O O-O 10. Re1 c5 11.
Nc3 Na6 12. Bf4 Bb7 13. h3 h6 14. Ne5 Nc7 15. Bf5 Bd6 16. a3 Re8 17. Rc1 Ne6 18.
Bxe6 Rxe6 19. Nb5 Bf8 20. Ng4 Rxe1+ 21. Qxe1 Nxg4 22. hxg4 Bc6 23. Nc3 Qd7 24. f3 cxd4 25. Ne2 d3 26. Nd4 Bc5 27. Qf2 Ba4 28. b4 Bxd4 29.
Qxd4 Bc2 30. Qxb6 Rxa3 31. b5 Rb3 32. Qc6 Qa7+ 33. Kh2 Qd4 34. Re1 Qxf4+ 0-1

[Event "*** Titled Tuesday Blitz"]
[Site "Chess.com"]
[Date "2020.11.10"]
[Round "10"]
[White "jefferyx"]
[Black "dropstoneDP"]
[Result "0-1"]
[WhiteElo "2975"]
[BlackElo "2951"]
[TimeControl "180+1"]
[EndTime "12:00:47 PST"]
[Termination "dropstoneDP won by resignation"]

1. e4 e5 2. Nf3 Nc6 3. Nc3 Nf6 4. d4 exd4 5. Nxd4 Bb4 6. Nxc6 bxc6 7. Bd3 O-O 8. O-O d5 9. exd5 cxd5 10. Qf3 c6 11. h3 Re8 12. Bf4 Bd6 13. Rfe1 Be6 14. Ne2 Qb8 15. b3 a5 16. Rad1 a4 17. Qg3 Bxf4 18.
Nxf4 a3 19. c4 dxc4 20. bxc4 Qc7 21. Nxe6 Qxg3 22. fxg3 Rxe6 23. Rxe6 fxe6 24. Bc2 Kf7 25. Kf2 Ke7 26. Ke3 Rb8 27. Rb1 Rxb1 28. Bxb1 Kd6 29. Kd4 e5+ 30. Kc3 Kc5 31. Kb3 e4 32. Kxa3 e3 33. Bd3 Kd4 34. Be2 Kc3 35. Ka4 Ne4 36.
Ka5 Kd2 37. Bg4 Nf6 38. Bf3 Nd7 39. Kb4 Ne5 0-1

[Event "*** Titled Tuesday Blitz"]
[Site "Chess.com"]
[Date "2020.11.10"]
[Round "10"]
[White "Ermito2020"]
[Black "LiamVrolijk"]
[Result "0-1"]
[WhiteElo "2612"]
[BlackElo "2817"]
[TimeControl "180+1"]
[EndTime "12:00:47 PST"]
[Termination "LiamVrolijk won by resignation"]

1. e4 e5 2. Nf3 Nc6 3. d4 exd4 4.
Bc4 Bc5 5. c3 Nf6 6. e5 d5 7.
Bb5 Ne4 8. cxd4 Bb6 9. Nc3 O-O 10. Be3 Bg4 11. h3 Bh5 12. Qb3 Ne7 13. Bd3 Bg6 14. Bxe4 dxe4 15. Ng5 Bxd4 16. Rd1 Bxc3+ 17. Qxc3 Nd5 18.
Qb3 c6 19. e6 f6 20. Nf7 Qe7 21. Qa3 Qxa3 22. bxa3 Bxf7 23. exf7+ Kxf7 24. Rb1 b6 25.
O-O Ke6 26. Rfe1 f5 27. Bd4 Nf4 28. f3 c5 29. Bxg7 Rg8 30. Bh6 Nxg2 31. Red1 Ne3+ 32.
Kf2 Nxd1+ 33. Rxd1 Rad8 0-1

[Event "*** Titled Tuesday Blitz"]
[Site "Chess.com"]
[Date "2020.11.10"]
[Round "10"]
[White "gumimis"]
[Black "Praslov"]
[Result "1-0"]
[WhiteElo "2215"]
[BlackElo "2377"]
[TimeControl "180+1"]
[EndTime "12:00:47 PST"]
[Termination "gumimis won on time"]

1. e4 c6 2. d4 d5 3. Nc3 dxe4 4.
Nxe4 Bf5 5. Ng3 Bg6 6. h4 h6 7.
Nf3 Nd7 8. h5 Bh7 9. Bd3 Bxd3 10. Qxd3 e6 11. Bd2 Ngf6 12. O-O-O Be7 13. Kb1 Qb6 14. c4 Rd8 15. Qc2 c5 16. d5 O-O 17.
dxe6 fxe6 18. Rhe1 Rfe8 19. Bxh6 Nf8 20. Bf4 Rxd1+ 21. Rxd1 Qc6 22. h6 Ng4 23. hxg7 Nh7 24. Rh1 Ngf6 25. Ne5 Qxg2 26. Qg6 1-0

[Event "*** Titled Tuesday Blitz"]
[Site "Chess.com"]
[Date "2020.11.10"]
[Round "10"]
[White "petrkostenko"]
[Black "Tenamu"]
[Result "1-0"]
[WhiteElo "2455"]
[BlackElo "2315"]
[TimeControl "180+1"]
[EndTime "12:00:52 PST"]
[Termination "petrkostenko won by resignation"]

1. c4 e6 2. g3 Nf6 3. Bg2 d5 4. Nf3 Be7 5. O-O O-O 6. b3 c5 7. Bb2 Nc6 8. e3 b6 9. Nc3 Bb7 10. cxd5 exd5 11. d4 Rc8 12. Rc1 a6 13. Re1 Qd7 14.
Ne5 Qe6 15. Ne2 Rfd8 16. Nf4 Qf5 17. Bh3 Qg5 18. Bxc8 Rxc8 19. Nxc6 Bxc6 20. Qe2 Bb5 21. Qf3 Rd8 22. dxc5 bxc5 23. Red1 Bc6 24. b4 c4 25.
Rxc4 dxc4 26. Rxd8+ Bxd8 27. Qxc6 Qb5 28. Qxb5 axb5 29.
Kf1 Nd7 30. Nd5 f6 31. Ke2 Nb6 32. Nc3 Be7 33. a3 Kf7 34. Nxb5 Ke6 35. Bd4 Na4 36.
Nc3 Nb2 37. e4 Nd3 38. f4 g5 39. Ke3 Kd6 40. b5 Kc7 41. a4 Nb4 42. Nd5+ Nxd5+ 43. exd5 Kd6 44. Ke4 f5+ 45. Kxf5 Kxd5 46. Bc3 gxf4 47.
gxf4 Kc5 48. Ke6 Bf8 49. f5 1-0

[Event "*** Titled Tuesday Blitz"]
[Site "Chess.com"]
[Date "2020.11.10"]
[Round "10"]
[White "PaulfromSPb"]
[Black "elohunter1999"]
[Result "0-1"]
[WhiteElo "2679"]
[BlackElo "2561"]
[TimeControl "180+1"]
[EndTime "12:00:54 PST"]
[Termination "elohunter1999 won by resignation"]

1. e4 g6 2. d3 Bg7 3. h4 h5 4. Nc3 d6 5. Be2 c5 6. Be3 Nc6 7. Qd2 Rb8 8. f4 Nf6 9. Nf3 Ng4 10. Bg1 Nd4 11. Nxd4 cxd4 12. Nd1 Qb6 13. a4 Bd7 14. a5 Qc5 15. c3 Rc8 16. c4 f5 17. b4 Qc7 18. Bf3 e5 19. a6 b6 20. Bxg4 hxg4 21.
Nf2 g3 22. Nh3 fxe4 23. fxe5 dxe5 24. Qg5 Bf5 25. Qxg3 exd3 26. Bh2 d2+ 27. Kf2 O-O 28. Ng5 Qxc4 29. Rhd1 Bc2+ 30. Nf3 Bxd1 31. Rxd1 Qc2 32. Qxg6 Qxg6 0-1

[Event "*** Titled Tuesday Blitz"]
[Site "Chess.com"]
[Date "2020.11.10"]
[Round "10"]
[White "picturesquecheck"]
[Black "PawnEatingZombie"]
[Result "1-0"]
[WhiteElo "2104"]
[BlackElo "2144"]
[TimeControl "180+1"]
[EndTime "12:00:56 PST"]
[Termination "picturesquecheck won by resignation"]

1. e4 c6 2. d4 d5 3. Nd2 dxe4 4.
Nxe4 Bf5 5. Ng3 Bg6 6. h4 h6 7. Nf3 Nd7 8. h5 Bh7 9. Bd3 Bxd3 10. Qxd3 e6 11. Bd2 Ngf6 12. O-O-O Be7 13. Kb1 Qb6 14.
c4 Rd8 15. Bc3 O-O 16. Qe2 Bb4 17. Bxb4 Qxb4 18. a3 Qb6 19. Ne4 Nxe4 20. Qxe4 Nf6 21. Qe2 c5 22. dxc5 Qxc5 23. Nd2 Rd4 24. Ka2 Qc7 25.
Rc1 Rfd8 26. Nb3 Re4 27. Qc2 a5 28. f3 Re3 29. Rhd1 Rxd1 30. Rxd1 b6 31. Nd4 Nxh5 32. Nb5 Qe7 33. Rd6 Ng3 34. Rxb6 Re2 35. Rb8+ 1-0

[Event "*** Titled Tuesday Blitz"]
[Site "Chess.com"]
[Date "2020.11.10"]
[Round "10"]
[White "IngOscarArdila"]
[Black "annacramling"]
[Result "1-0"]
[WhiteElo "2130"]
[BlackElo "2017"]
[TimeControl "180+1"]
[EndTime "12:00:56 PST"]
[Termination "IngOscarArdila won on time"]

1. d4 Nf6 2. c4 e6 3. Nc3 Bb4 4. Bd2 b6 5. Nf3 Bb7 6. e3 O-O 7. Be2 d5 8. O-O Bd6 9. cxd5 exd5 10. Rc1 a6 11. Bd3 Nbd7 12. Qc2 c5 13. h3 Rc8 14. dxc5 Nxc5 15. Bf5 Ne6 16. Qb3 b5 17. a4 b4 18.
Ne2 Ne4 19. Rxc8 Qxc8 20. Rc1 Qd7 21. Bxb4 Rb8 22. Bxd6 Qxd6 23. Bxe4 dxe4 24. Nfd4 Bd5 25. Qc3 h6 26. Nxe6 Bxe6 27. Nd4 Bd5 28. Nf5 f6 29.
Nxd6 1-0

[Event "*** Titled Tuesday Blitz"]
[Site "Chess.com"]
[Date "2020.11.10"]
[Round "10"]
[White "anon102030"]
[Black "louis198"]
[Result "1-0"]
[WhiteElo "2752"]
[BlackElo "2580"]
[TimeControl "180+1"]
[EndTime "12:01:01 PST"]
[Termination "anon102030 won by resignation"]

1. e4 e6 2. d3 d5 3. Nd2 Nf6 4. g3 Bc5 5. Bg2 a5 6. Ngf3 O-O 7. O-O Nbd7 8. Qe2 b5 9. e5 Ne8 10. d4 Bb6 11. Re1 Ba6 12. Nb3 c5 13. Bg5 Qc7 14.
Be7 b4 15. Qd2 Nxe5 16. Bxf8 Nxf3+ 17. Bxf3 Kxf8 18. dxc5 Bxc5 19. Nxc5 Qxc5 20. a3 Nd6 21. axb4 axb4 22. Ra4 Bb7 23. Qxb4 Qxb4 24. Rxb4 Ke7 25. c4 Kd7 26. cxd5 exd5 27. Bg4+ Kd8 28. Rc1 Ra5 29. Rb6 Ke7 30. Rc7+ Kd8 31. Rcxb7 Nxb7 32. Rxb7 Ke8 33. b4 Ra4 34. Bd7+ 1-0

[Event "*** Titled Tuesday Blitz"]
[Site "Chess.com"]
[Date "2020.11.10"]
[Round "10"]
[White "Leo_C"]
[Black "WiktoriaPOL"]
[Result "1-0"]
[WhiteElo "2281"]
[BlackElo "2104"]
[TimeControl "180+1"]
[EndTime "12:01:02 PST"]
[Termination "Leo_C won on time"]

1. d4 Nf6 2. c4 g6 3. f3 Bg7 4. e4 d6 5. Nc3 e5 6. Nge2 O-O 7.
Be3 exd4 8. Nxd4 Re8 9. Qd2 Nc6 10. Be2 Nd7 11. Nxc6 bxc6 12. O-O a5 13. Bd4 Bxd4+ 14. Qxd4 Qf6 15. Qd2 a4 16. f4 a3 17. b3 Nc5 18.
Bf3 Ne6 19. e5 dxe5 20. Bxc6 Nxf4 21. Bxa8 Qg5 22. Ne4 Qe7 23. Rad1 f5 24. Ng3 Ne6 25. Bd5 Kg7 26. Rxf5 Qc5+ 27. Rf2 Nf4 28. Kh1 Nxd5 29. cxd5 Bg4 30. Rdf1 Rd8 31. Rf7+ Kg8 32. Qh6 1-0

[Event "*** Titled Tuesday Blitz"]
[Site "Chess.com"]
[Date "2020.11.10"]
[Round "10"]
[White "Ze-Pequeno"]
[Black "IsuruAlahakoon"]
[Result "1-0"]
[WhiteElo "2282"]
[BlackElo "2347"]
[TimeControl "180+1"]
[EndTime "12:01:03 PST"]
[Termination "Ze-Pequeno won on time"]

1. e4 d5 2. exd5 Qxd5 3. Nc3 Qa5 4. Nf3 Nf6 5. d4 Bg4 6. h3 Bxf3 7. Qxf3 Nc6 8. Bb5 Qb6 9. Be3 O-O-O 10. d5 Nd4 11. Qd1 e5 12. O-O a6 13. Bc4 Bc5 14. Rb1 Nf5 15. Bg5 Ng3 16. Re1 Bxf2+ 17. Kh2 Bxe1 18. Qxe1 Nf5 19. b4 Qd6 20. Bxf6 gxf6 21. Ne4 Qe7 22. b5 axb5 23. Rxb5 Nd6 24. Nxd6+ Qxd6 25. Qa5 e4+ 26. Kh1 1-0

[Event "*** Titled Tuesday Blitz"]
[Site "Chess.com"]
[Date "2020.11.10"]
[Round "10"]
[White "Hasangatin_Ramil"]
[Black "ChristopherYoo"]
[Result "0-1"]
[WhiteElo "2563"]
[BlackElo "2823"]
[TimeControl "180+1"]
[EndTime "12:01:04 PST"]
[Termination "ChristopherYoo won by resignation"]

1. e4 c5 2. Nf3 e6 3. g3 d5 4. exd5 exd5 5. d4 Nc6 6. Bg2 Nf6 7. O-O Be7 8. Be3 Ng4 9. Bf4 O-O 10. Nc3 cxd4 11. Nxd4 Bc5 12. Nb3 Bxf2+ 13. Rxf2 Nxf2 14. Kxf2 d4 15. Ne4 Be6 16. Kg1 Qb6 17. Kh1 Rfd8 18. Bg5 Rd5 19. Qd2 a5 20. Nf6+ gxf6 21. Bxf6 Rh5 22. Rf1 Qb5 23. Nxd4 Nxd4 24. Bxd4 Bd5 25.
c3 Qxf1+ 26. Bg1 Bxg2+ 27. Qxg2 Qxg2+ 28. Kxg2 Rb5 0-1

[Event "*** Titled Tuesday Blitz"]
[Site "Chess.com"]
[Date "2020.11.10"]
[Round "10"]
[White "GMJustin"]
[Black "mamonika"]
[Result "0-1"]
[WhiteElo "2304"]
[BlackElo "2070"]
[TimeControl "180+1"]
[EndTime "12:01:04 PST"]
[Termination "mamonika won on time"]

1. e4 e5 2. Nc3 Nf6 3. d4 exd4 4. Qxd4 Nc6 5. Qd3 Bc5 6. Qg3 Nd4 7. Bd3 d6 8. Qxg7 Rg8 9. Qh6 Rxg2 10. Bg5 Rxf2 11. O-O-O Bg4 12. Nd5 Bxd1 13. Nxf6+ Rxf6 14. Bxf6 Qd7 15. Kxd1 Qg4+ 16. Ne2 Nf3 17. Qxh7 Qg2 0-1

[Event "*** Titled Tuesday Blitz"]
[Site "Chess.com"]
[Date "2020.11.10"]
[Round "10"]
[White "rasmussvane"]
[Black "scarabee43"]
[Result "1-0"]
[WhiteElo "2859"]
[BlackElo "2567"]
[TimeControl "180+1"]
[EndTime "12:01:10 PST"]
[Termination "rasmussvane won by resignation"]

1. Nf3 Nf6 2. g3 d5 3. Bg2 e6 4.
O-O Be7 5. c4 O-O 6. b3 b6 7. d4 Bb7 8. Nc3 Nbd7 9. Bb2 Rc8 10. Ne1 Re8 11. Rc1 Bf8 12. Nc2 c6 13. e4 dxe4 14. Nxe4 Nxe4 15. Bxe4 Nf6 16. Bg2 Qc7 17. Ne3 Rcd8 18. Qc2 g6 19. d5 Bg7 20. dxe6 Rxe6 21. Rcd1 Rde8 22. c5 Nd7 23. Bxg7 Kxg7 24. b4 bxc5 25.
bxc5 Ba6 26. Rfe1 Nf6 27. Qc3 Bb5 28. Rd4 Qe5 29. Rc1 h5 30. Qd2 Rh8 31. a4 Ba6 32.
Rd6 Bb7 33. Nc4 Qe2 34. Qxe2 Rxe2 35. Na5 Ba8 36. Nxc6 h4 37. Nd4 Rd2 38. Bxa8 Rxa8 39. Nf5+ gxf5 40. Rxd2 hxg3 41. hxg3 Rh8 42. c6 Ne4 43.
Rd5 Ng5 44. c7 Nf3+ 45. Kg2 1-0

[Event "*** Titled Tuesday Blitz"]
[Site "Chess.com"]
[Date "2020.11.10"]
[Round "10"]
[White "ChessWarrior7197"]
[Black "TimofeevAr"]
[Result "1-0"]
[WhiteElo "3005"]
[BlackElo "2854"]
[TimeControl "180+1"]
[EndTime "12:01:16 PST"]
[Termination "ChessWarrior7197 won by resignation"]

1. e4 d5 2. exd5 Nf6 3. d4 Nxd5 4. c4 Nf6 5. Nf3 g6 6. Nc3 Bg7 7. Be3 O-O 8. h3 c6 9. Be2 Nbd7 10. O-O a5 11. Qd2 a4 12. Rfe1 Qa5 13. Bf1 Nb6 14. Rab1 Bf5 15. Rbc1 Rfd8 16. Bh6 Re8 17. Re5 Qa7 18.
Rce1 Rad8 19. Rxe7 Rxe7 20. Rxe7 Nc8 21. Re1 Nd6 22. Bf4 Nde4 23. Nxe4 Bxe4 24. Ng5 Rxd4 25. Qc3 h6 26. Be3 c5 27. Nxe4 Rxe4 28. Qc2 Re6 29. Rd1 a3 30. b3 Qa5 31. Be2 Qc7 32. Bf3 Rxe3 33. fxe3 Qe5 34. Qd3 b6 35. Rf1 h5 36.
Bd5 Kf8 37. e4 Bh6 38. Qf3 Kg7 39. g3 Bd2 40. Kg2 Bg5 41. h4 Bd2 42. Rf2 Bc1 43. Rc2 Bh6 44. Qc3 Qxc3 45. Rxc3 Ng4 46. Kf3 Ne5+ 47.
Ke2 Bc1 48. Rxc1 1-0

[Event "*** Titled Tuesday Blitz"]
[Site "Chess.com"]
[Date "2020.11.10"]
[Round "10"]
[White "Jumbo"]
[Black "mbojan"]
[Result "1-0"]
[WhiteElo "2874"]
[BlackElo "2687"]
[TimeControl "180+1"]
[EndTime "12:01:17 PST"]
[Termination "Jumbo won by resignation"]

1. d4 g6 2. e4 Bg7 3. Nc3 d6 4. Be3 a6 5. Qd2 b5 6. Nf3 Bb7 7. Bd3 Nd7 8. Ne2 c5 9. c3 Ngf6 10. Ng3 Ng4 11. Bf4 e5 12. dxe5 dxe5 13. Bg5 f6 14. Bh4 c4 15. Bc2 Nc5 16. h3 Nh6 17.
Qe3 Ne6 18. Nxe5 Qc7 19. Nf3 g5 20. e5 gxh4 21. exf6 hxg3 22. Qxe6+ Kf8 23. O-O Re8 24. fxg7+ Kxg7 25. Nd4 Bc8 26. Qd5 Bb7 27. Qg5+ 1-0

[Event "*** Titled Tuesday Blitz"]
[Site "Chess.com"]
[Date "2020.11.10"]
[Round "10"]
[White "Forantes"]
[Black "alejanchess73"]
[Result "1-0"]
[WhiteElo "2355"]
[BlackElo "2451"]
[TimeControl "180+1"]
[EndTime "12:01:17 PST"]
[Termination "Forantes won by resignation"]

1. Nf3 Nf6 2. g3 g6 3. b3 Bg7 4. Bb2 d6 5. Bg2 e5 6. O-O O-O 7. d4 exd4 8. Nfd2 c5 9. c3 dxc3 10. Nxc3 Nc6 11. Nc4 Nd4 12. e3 Nf5 13. Qd2 Ne8 14.
Rad1 Rb8 15. Ne4 Bxb2 16. Qxb2 d5 17. Rxd5 Qe7 18. Rxc5 Be6 19. Re5 b5 20. Na5 Qc7 21.
b4 Bc4 22. Nxc4 bxc4 23. Rxe8 Rfxe8 24. Nf6+ Kf8 25. Nxh7+ Kg8 26. Nf6+ Kf8 27. Nxe8 Rxe8 28. Rc1 Kg8 29. Qc3 Rc8 30. b5 Nd6 31. a4 Qc5 32.
Rd1 Nf5 33. Rd5 Qc7 34. Bh3 Ne7 35. Rd4 Rd8 36. Qxc4 Qxc4 37. Rxc4 Rd1+ 38. Kg2 Ra1 39. Bd7 Kg7 40. Rc7 Rxa4 41. b6 Ra5 42. b7 1-0

[Event "*** Titled Tuesday Blitz"]
[Site "Chess.com"]
[Date "2020.11.10"]
[Round "10"]
[White "MasterMK73"]
[Black "ajdemipopushi"]
[Result "1-0"]
[WhiteElo "2283"]
[BlackElo "2393"]
[TimeControl "180+1"]
[EndTime "12:01:21 PST"]
[Termination "MasterMK73 won by resignation"]

1. e4 c5 2. Nf3 g6 3. c4 Bg7 4.
d4 cxd4 5. Nxd4 Nc6 6. Nc2 d6 7. Be2 Be6 8. Nc3 Bxc3+ 9. bxc3 Nf6 10. f3 Rc8 11. Ne3 Na5 12. Nd5 Nd7 13. Qd4 f6 14.
Qxa7 b6 15. Qa6 O-O 16. Nf4 Bf7 17. Qb5 Rc5 18. Qb4 Ne5 19. Be3 Rc6 20. Nd5 Naxc4 21. Bd4 Qd7 22. f4 e6 23. Nxf6+ 1-0